 Dungeon Crawl Stone Soup version 0.21.1-1-g345015fe64 (webtiles) character file.

25 Evaline the Conjurer (level 3, 14/19 HPs)
             Began as a Tengu Conjurer on June 9, 2018.
             Quit the game on level 1 of the Dungeon.
             The game lasted 00:06:09 (615 turns).

Evaline the Conjurer (Tengu Conjurer)                Turns: 615, Time: 00:06:10

Health: 14/19      AC:  2    Str:  8    XL:     3   Next: 4%
Magic:  4/7        EV: 13    Int: 16    God:
Gold:   51         SH:  0    Dex: 14    Spells: 5/6 levels left

rFire    . . .     SeeInvis .   a - +0 dagger
rCold    . . .     Gourm    .   (no shield)
rNeg     . . .     Faith    .   n - +0 robe
rPois    .         Spirit   .   (helmet restricted)
rElec    .         Reflect  .   (no cloak)
rCorr    .         Harm     .   (no gloves)
MR       .....                  (boots unavailable)
Stlth    ++........             (no amulet)
HPRegen  0.06/turn              (no ring)
MPRegen  0.10/turn              (no ring)

@: no status effects
A: beak, talons 3
a: no special abilities


You were on level 1 of the Dungeon.
You were not hungry.

You visited 1 branch of the dungeon, and saw 2 of its levels.

You collected 51 gold pieces.

Inventory:

Hand Weapons
 a - a +0 dagger (weapon)
 b - a +0 hunting sling
 g - a +0 spear
 h - a +0 mace
 l - a +0 whip
Missiles
 f - 79 stones (quivered)
Armour
 n - a +0 robe (worn)
Scrolls
 d - a scroll of magic mapping {unknown}
 e - 2 scrolls of teleportation {unknown}
 m - a scroll of remove curse {unknown}
Potions
 i - a potion of resistance {unknown}
 j - 3 potions of curing {unknown}
 k - a potion of flight {unknown}
Books
 o - a book of Conjurations

   Spells                             Type                      Level
   a - Magic Dart                     Conjuration                  1
   b - Searing Ray                    Conjuration                  2
   c - Dazzling Spray                 Conjuration/Hexes            3
   d - Fulminant Prism                Conjuration/Hexes            4
   e - Force Lance                    Conjuration/Translocation    4
   f - Iskenderun's Mystic Blast      Conjuration                  4
Comestibles
 c - 2 rations


   Skills:
 + Level 0.9 Polearms
 + Level 2.7 Dodging
 - Level 3.0 Stealth
 - Level 2.0 Spellcasting
 - Level 5.3 Conjurations


You had 5 spell levels left.
You knew the following spells:

 Your Spells              Type           Power        Failure   Level  Hunger
a - Magic Dart            Conj           ###.         2%          1    #......


Dungeon Overview and Level Annotations

Branches:
Dungeon (2/15)

Altars:


Innate Abilities, Weirdness & Mutations

You have a beak for a mouth.
You have claws for feet.


Message History

Casting: Magic Dart
Confirm with . or Enter, or press ? or * to list all spells.
Aiming: Magic Dart
Press: ? - help, Shift-Dir - straight line, f - ooze
Aim: an ooze The magic dart hits the ooze.
The ooze is heavily wounded.
The ooze hits you.
Casting: Magic Dart
Confirm with . or Enter, or press ? or * to list all spells.
Aiming: Magic Dart
Press: ? - help, Shift-Dir - straight line, f/p - ooze
Aim: an ooze (heavily wounded)
The magic dart hits the ooze.
You kill the ooze!
You have reached level 3!
Your experience leads to an increase in your attributes!
Increase (S)trength, (I)ntelligence, or (D)exterity?
You feel clever.
Are you sure you want to abandon this character and quit the game? (Confirm with "yes".)

##. . #.. ..# .########..
.$# ......... .. #####......
.. #.........##### .#####
..............## ..... .
..........###..######..#....
..........##....@........#
........†..#.#..##$.##.###
.........#.#.##....## #
.[.......#...###...##
.................#..#
.........#..######>.#
...................##
.........###..######
.........# ##...


There were no monsters in sight!

Vanquished Creatures
  An ooze (D:1)
  A worm (D:2)
  A bat (D:1)
  A giant cockroach (D:1)
  4 goblins
  2 hobgoblins (D:1)
  4 kobolds (D:1)
  2 frilled lizards (D:1)
  A rat (D:1)
17 creatures vanquished.

Notes
Turn   | Place    | Note
-------+----------+-------------------------------------------
     0 | D:1      | Evaline the Tengu Conjurer began the quest for the Orb.
     0 | D:1      | Reached XP level 1. HP: 10/10 MP: 4/4
   335 | D:1      | Reached XP level 2. HP: 12/15 MP: 6/6
   614 | D:1      | Reached XP level 3. HP: 14/19 MP: 4/7
   615 | D:1      | Quit the game

Skill      XL: |  1  2 |
---------------+-------+-----
Stealth        | 3 |  3.0
Polearms       | |  0.9
Dodging        | |  2.7
Spellcasting   | |  2.0
Conjurations   | |  5.3

Action                   || total
-------------------------++-------
Melee: Spear             ||    32
       Unarmed           ||     2
       Peck              ||     2
       Kick              ||     3
       Dagger            ||     1
 Cast: Magic Dart        ||    15
 Stab: Sleeping          ||     1
Armor: Robe              ||     4
Dodge: Dodged            ||    22
